 Dungeon Crawl Stone Soup version 0.24-a0-459-g225fefd530 (webtiles) character file.

Game seed: 15651107967640441686

7853 Krouwed the Fighter (level 11, -8/123 HPs)
             Began as an Ogre Hunter on June 28, 2019.
             Was an Initiate of Okawaru.
             Mangled by a komodo dragon (10 damage)
             ... on level 9 of the Dungeon.
             The game lasted 00:44:11 (15628 turns).

Krouwed the Fighter (Ogre Hunter)                  Turns: 15628, Time: 00:44:12

Health: -8/123     AC:  5    Str: 20    XL:     11   Next: 21%
Magic:  11/11      EV: 10    Int: 12    God:    Okawaru [......]
Gold:   451        SH:  0    Dex: 10    Spells: 10/10 levels left

rFire    . . .     SeeInvis .   g - +2 giant spiked club
rCold    . . .     Gourm    .   (shield currently unavailable)
rNeg     + . .     Faith    .   G - +2 robe {Archmagi}
rPois    .         Spirit   .   (helmet restricted)
rElec    .         Reflect  .   c - scarf {cloud immunity}
rCorr    +         Harm     .   (gloves unavailable)
MR       +....                  (boots unavailable)
Stlth    +.........             J - amulet of rage
HPRegen  0.30/turn              b - ring of positive energy
MPRegen  0.12/turn              C - ring of resist corrosion

@: no status effects
A: large, unfitting armour, tough skin 1
a: Renounce Religion, Evoke Berserk Rage


You were on level 9 of the Dungeon.
You worshipped Okawaru.
Okawaru was noncommittal.
You were not hungry.

You visited 2 branches of the dungeon, and saw 10 of its levels.

You collected 698 gold pieces.
You spent 247 gold pieces at shops.

Inventory:

Hand Weapons
 a - a +0 hunting sling
 g - a +2 giant spiked club (weapon)
Missiles
 o - 228 stones
 p - 12 boomerangs of dispersal
 t - 33 sling bullets
 x - 12 boomerangs
 y - 7 large rocks (quivered)
 A - 65 poisoned darts
 B - 3 curare-tipped darts
 F - 4 throwing nets
Armour
 c - a scarf of cloud immunity (worn)
 i - a +0 shield
 G - a +2 robe of the Archmagi (worn)
Jewellery
 b - a ring of positive energy (left hand)
 h - an uncursed ring of poison resistance {unknown}
 C - a ring of resist corrosion (right hand)
 J - an amulet of rage (around neck)
Wands
 e - a wand of digging (15)
 k - a wand of enslavement (5)
 D - a wand of polymorph (5)
 E - a wand of flame (32)
 I - a wand of scattershot (4)
Scrolls
 d - 4 scrolls of teleportation
 l - 6 scrolls of remove curse
 m - a scroll of summoning {unknown}
 n - 3 scrolls of fog
 r - 3 scrolls of enchant armour {unknown}
 s - 2 scrolls of immolation {unknown}
 v - 2 scrolls of magic mapping
 w - 6 scrolls of amnesia
 z - a scroll of fear
Potions
 j - 3 potions of curing
 q - 4 potions of brilliance
 u - 3 potions of cancellation
Comestibles
 f - 29 rations
 H - 5 chunks of flesh


   Skills:
 - Level 11.7 Fighting
 * Level 8.0 Maces & Flails
 + Level 9.8 Throwing
 - Level 2.0 Dodging
 - Level 0.6 Stealth
 - Level 6.6 Shields


You had 10 spell levels left.
You didn't know any spells.
Your spell library contained the following spells:

 Spells                   Type           Power        Failure   Level  Hunger
 Confusing Touch          Hex            #.....       32%         1    ##.....
 Infusion                 Chrm           #...         32%         1    ##.....
 Shock                    Conj/Air       #...         32%         1    ##.....
 Sting                    Conj/Pois      #...         32%         1    ##.....
 Poisonous Vapours        Pois/Air       #.....       45%         2    ###....
 Shroud of Golubria       Chrm/Tloc      #.....       45%         2    ###....
 Song of Slaying          Chrm           #.......     45%         2    ###....
 Swiftness                Chrm/Air       #.......     45%         2    ###....
 Confuse                  Hex            #.......     69%         3    ####...
 Gell's Gravitas          Tloc           #.........   69%         3    ####...
 Mephitic Cloud           Conj/Pois/Air  #.......     69%         3    ####...
 Regeneration             Chrm/Necr      #.........   69%         3    ####...
 Spectral Weapon          Hex/Chrm       #.......     69%         3    ####...
 Static Discharge         Conj/Air       #.......     69%         3    ####...
 Airstrike                Air            #.........   97%         4    #####..
 Olgreb's Toxic Radiance  Pois           #.......     97%         4    #####..
 Petrify                  Tmut/Erth      #.......     97%         4    #####..
 Lightning Bolt           Conj/Air       #.........   100%        5    ######.
 Metabolic Englaciation   Hex/Ice        #.........   100%        5    ######.
 Venom Bolt               Conj/Pois      #.........   100%        5    ######.
 Yara's Violent Unravell  Hex/Tmut       #.........   100%        5    ######.


Dungeon Overview and Level Annotations

Branches:
Dungeon (9/15)             Temple (1/1) D:4            Lair (0/6) D:9
    Orc (0/2) D:9

Altars:
Ashenzari
Cheibriados
Dithmenos
Elyvilon
Fedhas
Gozag
Hepliaklqana
Kikubaaqudgha
Makhleb
Nemelex Xobeh
Okawaru
Qazlal
Ru
Sif Muna
Trog
Uskayaw
Vehumet
Wu Jian
Xom
Yredelemnul
Zin
The Shining One

Shops:
D:7 *

Annotations:
D:3 1 runed translucent door, exclusion: door, Crazy Yiuf
D:8 1 runed translucent door, exclusion: door, shruggingcutely's ghost, novice KoAr


Innate Abilities, Weirdness & Mutations

You are too large for most types of armour.
You have tough skin. (AC +1)


Message History

The komodo dragon bites you! The komodo dragon misses you.
You are too injured to fight recklessly!
You are too injured to fight recklessly!
You are too injured to fight recklessly!
You hit the komodo dragon.
The komodo dragon is severely wounded.
The komodo dragon bites you.
You hit the komodo dragon but do no damage.
The komodo dragon is severely wounded.
The komodo dragon bites you!!
* * * LOW HITPOINT WARNING * * *
Okay, then.
The komodo dragon hisses menacingly.
The komodo dragon closely misses you. The komodo dragon bites you!!
* * * LOW HITPOINT WARNING * * *
Okay, then.
Okay, then.
The komodo dragon bites you!
You die...

.......##................(.......
.......######....................
#...........#.)..............>...
#................................
.................................
..........)......................
.............#......).........)..
.....#.......#.......)...........
...............l@................
......####''####.....)...........
......#_......_#.................
.....##........##................
.....#...#..#...#..............>.
....##..........##...............
....#...#....#...#...............
...##............##..............
...#_..#......#.._#..............


You could see a komodo dragon.

Vanquished Creatures
  2 two-headed ogres
  The ghost of CakeEater the Geomancer, a novice GrEE of Vehumet (D:6)
  Pikel (D:6)
  2 hippogriffs (D:8)
  2 wyverns
  2 steam dragons (D:7)
  Menkaure (D:5)
  5 orc warriors
  4 ogres
  2 phantoms (D:3)
  A sky beast (D:9)
  3 black bears
  3 ice beasts
  5 centaurs
  4 big kobolds
  Blork the orc (D:5)
  4 bullfrogs (D:6)
  A gnoll sergeant (D:9)
  A water moccasin skeleton (D:6)
  A scorpion (D:6)
  6 killer bees (D:8)
  3 howler monkeys (D:8)
  6 crimson imps
  A bullfrog zombie (D:7)
  2 hounds
  A quasit (D:8)
  A centaur zombie (D:6)
  A jelly (D:6)
  5 orc priests
  4 orc wizards
  A gnoll shaman (D:3)
  2 iguanas
  Jessica (D:2)
  Ijyb (D:2)
  Terence (D:2)
  8 worker ants
  A hound zombie (D:8)
  A hound skeleton (D:8)
  A mummy (D:7)
  15 gnolls
  A howler monkey skeleton (D:7)
  17 adders
  3 shadow imps
  2 oozes (D:2)
  4 adder skeletons
  3 worms
  A dart slug (D:1)
  30 orcs
  2 giant cockroaches
  6 goblins
  10 hobgoblins
  8 jackals
  41 kobolds
  3 quokkas
  2 ball pythons
  5 bats
  4 frilled lizards
  A goblin zombie (D:7)
  A kobold zombie (D:7)
  A leopard gecko zombie (D:5)
  A quokka skeleton (D:9)
  A quokka zombie (D:5)
  13 rats
  3 plants (D:5)
271 creatures vanquished.

Vanquished Creatures (others)
  3 slaves (D:6)
  2 bullfrogs
  An iguana (D:6)
  A worker ant zombie (D:6)
  3 orcs (D:6)
  A goblin (D:6)
  3 hobgoblins (D:6)
  2 kobolds (D:6)
  2 plants
18 creatures vanquished.

Grand Total: 289 creatures vanquished

Notes
Turn   | Place    | Note
-------+----------+-------------------------------------------
     0 | D:1      | Krouwed the Ogre Hunter began the quest for the Orb.
     0 | D:1      | Reached XP level 1. HP: 22/22 MP: 1/1
    67 | D:1      | Reached skill level 3 in Fighting
   113 | D:1      | Reached XP level 2. HP: 28/31 MP: 2/2
   661 | D:1      | Reached XP level 3. HP: 35/37 MP: 3/3
   953 | D:1      | Reached skill level 1 in Shields
  1053 | D:2      | Noticed Jessica
  1054 | D:2      | Killed Jessica
  1054 | D:2      | Reached skill level 1 in Maces & Flails
  1054 | D:2      | Reached XP level 4. HP: 42/48 MP: 4/4
  1182 | D:2      | Noticed Terence
  1184 | D:2      | Killed Terence
  1184 | D:2      | Reached skill level 4 in Fighting
  1205 | D:2      | Reached XP level 5. HP: 39/54 MP: 5/5
  1745 | D:3      | Noticed Ijyb
  1793 | D:2      | Killed Ijyb
  2372 | D:2      | Reached XP level 6. HP: 46/63 MP: 6/6
  2520 | D:3      | Found a runed translucent door.
  2521 | D:3      | Noticed Crazy Yiuf
  2568 | D:3      | Reached skill level 5 in Throwing
  3212 | D:3      | Reached skill level 5 in Fighting
  3867 | D:3      | Noticed a phantom
  3963 | D:3      | Killed a phantom
  3963 | D:3      | Reached XP level 7. HP: 23/72 MP: 7/7
  5984 | D:4      | Found a staircase to the Ecumenical Temple.
  5994 | Temple   | Entered the Ecumenical Temple
  6169 | D:5      | Entered Level 5 of the Dungeon
  6214 | D:5      | Reached skill level 6 in Fighting
  6440 | D:5      | Reached XP level 8. HP: 72/84 MP: 8/8
  6597 | D:5      | Noticed Menkaure
  6603 | D:5      | Killed Menkaure
  6673 | D:5      | Noticed Blork the orc
  6684 | D:5      | Killed Blork the orc
  7294 | D:5      | Reached skill level 7 in Fighting
  8477 | D:6      | Found a bloodstained altar of Trog.
  8914 | D:6      | Noticed Pikel
  8925 | D:6      | Killed Pikel
  8925 | D:6      | Reached skill level 8 in Fighting
  8925 | D:6      | Reached skill level 5 in Maces & Flails
  8925 | D:6      | Reached skill level 5 in Shields
  8925 | D:6      | Reached XP level 9. HP: 86/96 MP: 9/9
  8948 | D:6      | Found a runed translucent door.
  8957 | D:6      | Noticed CakeEater's ghost (novice GrEE)
  9013 | D:6      | HP: 4/97 [CakeEater's ghost/blast of rock fragments (15)]
  9015 | D:6      | Killed CakeEater's ghost
  9534 | D:6      | Reached skill level 9 in Fighting
  9823 | D:6      | Found a basalt altar of Yredelemnul.
 10005 | D:7      | Found a shimmering altar of Xom.
 10028 | D:7      | Reached XP level 10. HP: 38/107 MP: 10/10
 10408 | D:7      | Found Cykhlimme's General Store.
 10416 | D:7      | Bought a potion of might for 60 gold pieces
 10416 | D:7      | Bought a scroll of enchant weapon for 112 gold pieces
 10416 | D:7      | Bought a scroll of teleportation for 45 gold pieces
 10416 | D:7      | Bought a scroll of identify for 30 gold pieces
 10755 | D:7      | Noticed a two-headed ogre
 10838 | D:7      | Killed a two-headed ogre
 10838 | D:7      | Reached skill level 10 in Fighting
 11214 | D:7      | Found an opulent altar of Gozag.
 11666 | D:8      | Found a runed translucent door.
 11666 | D:8      | Noticed shruggingcutely's ghost (novice KoAr)
 13774 | D:9      | Reached skill level 11 in Fighting
 14281 | D:9      | Found a staircase to the Orcish Mines.
 14358 | D:9      | Reached XP level 11. HP: 120/120 MP: 11/11
 15200 | D:9      | Noticed a two-headed ogre
 15223 | D:9      | Killed a two-headed ogre
 15281 | D:9      | Found a burning altar of Makhleb.
 15282 | D:9      | Found a shattered altar of Ashenzari.
 15282 | D:9      | Found an ancient bone altar of Kikubaaqudgha.
 15282 | D:9      | Found a blossoming altar of Fedhas.
 15288 | D:9      | Found a stormy altar of Qazlal.
 15288 | D:9      | Found an iron altar of Okawaru.
 15297 | D:9      | Became a worshipper of Warmaster Okawaru
 15487 | D:9      | Found a staircase to the Lair.
 15625 | D:9      | HP: 2/123 [komodo dragon (23)]
 15628 | D:9      | Mangled by a komodo dragon

Levels and vault maps discovered:
D:1:      tarquinn_simple_flora_water_b, layout_basic
D:2:      layout_loops_ring, first_ration, uniq_jessica, uniq_terence
D:3:      layout_basic, minmay_misc_feat_tower, uniq_ijyb,
          uniq_crazy_yiuf_cottage
D:4:      layout_cave_pools, minmay_temple_entry_nine_rooms, serial_glass,
          glass_columns_a, glass_columns_a
D:5:      kennysheep_kobold_camp, layout_basic, uniq_blork_the_orc,
          uniq_menkaure
D:6:      layout_basic, lemuel_coloured_pillars_altar, ebering_ghost_sewer_d,
          trog_hazing_becter, uniq_pikel
D:7:      cheibrodos_steamvent, layout_cave_pods, grunt_gozag_statues,
          basic_altar, nicolae_ossuary_entry_giza, serial_shops, shop,
          grunt_ogre_cave, minmay_unpleasant_kobolds
D:8:      layout_loops_corners, hellmonk_ghost_happy_afterlife
D:9:      layout_cross, minmay_overflow_temple_hex, david_lair_shrubbed,
          orc_david_3, lightli_orcish_oven
Temple:   nicolae_temple_great_sept

Skill      XL: |  1  2  3  4  5  6  7  8  9 10 11 |
---------------+----------------------------------+-----
Fighting       | 3 4 5 6 8 9 11 | 11.7
Dodging        | 2 |  2.0
Shields        | 1 2 3 5 6 |  6.6
Maces & Flails | 1 2 3 5 6 7 8 |  8.0
Throwing       | 5 6 7 8 9 |  9.8
Stealth        | |  0.6

Action                   |  1- 3 |  4- 6 |  7- 9 | 10-12 || total
-------------------------+-------+-------+-------+-------++-------
Melee: Short sword       |    59 |    22 |       |       ||    81
       Flail             |       |   175 |   393 |    57 ||   625
       Giant spiked club |       |       |       |   201 ||   201
 Fire: Hunting sling     |     7 |     4 |    38 |       ||    49
Throw: Large rock        |    24 |    24 |    34 |    18 ||   100
       Throwing net      |     3 |     1 |       |       ||     4
       Stone             |       |    11 |    22 |       ||    33
       Dart              |       |       |    16 |    49 ||    65
       Boomerang         |       |       |       |     5 ||     5
Evoke: Wand              |       |       |     4 |     7 ||    11
  Use: Scroll            |     2 |     1 |     5 |    12 ||    20
       Potion            |       |     6 |     9 |     2 ||    17
 Stab: Sleeping          |       |       |     3 |     2 ||     5
  Eat: Chunk             |     1 |     9 |     9 |    12 ||    31
       Ration            |       |       |     3 |     2 ||     5
Armor: Robe              |    34 |    35 |    41 |    79 ||   189
       Skin              |       |    19 |    15 |       ||    34
Dodge: Dodged            |    16 |    64 |   122 |   211 ||   413
Block: Shield            |    29 |    60 |   200 |    30 ||   319

Table legend:
 A = Non-vault XP
 B = Vault XP
 C = Vault XP percentage of total XP
 D = Non-vault monster count
 E = Vault monster count
 F = Vault count percentage of total count
                 A         B        C        D         E       F
            +---------+---------+-------+---------+---------+-------
      Total |    8075 |    3144 |  28.0 |     212 |      56 |  20.9
            +---------+---------+-------+---------+---------+-------
        D:1 |      47 |       0 |   0.0 |      31 |       0 |   0.0
        D:2 |     142 |     109 |  43.4 |      24 |       3 |  11.1
        D:3 |     576 |       0 |   0.0 |      32 |       0 |   0.0
        D:4 |      84 |       0 |   0.0 |       7 |       0 |   0.0
        D:5 |     492 |     386 |  44.0 |      18 |      23 |  56.1
        D:6 |     732 |    1494 |  67.1 |      18 |       5 |  21.7
        D:7 |    1829 |     599 |  24.7 |      20 |      12 |  37.5
        D:8 |    2024 |       0 |   0.0 |      42 |       0 |   0.0
        D:9 |    2149 |     556 |  20.6 |      20 |      13 |  39.4
            +---------+---------+-------+---------+---------+-------
